Map: Shrines of Lizul

Players

Amix - Winner!

  • Race: Zerg Zerg
  • League: Platinum
  • Spawn Location: 12:00

Psshhhiiiitt - Winner!

  • Race: Zerg Zerg
  • Spawn Location: 3:00

A.I. 2 (Elite)

  • Race: Terran Terran
  • Spawn Location: 6:00

A.I. 3 (Elite)

  • Race: Zerg Zerg
  • Spawn Location: 9:00

VOD

Have the link to the VOD?

Description

Time

  • Played on: Nov. 29, 2016, 11:34 a.m.
  • Length: 17:27
Show
View Real Time Build Order
Export as new Build Order

Amix Zerg - Winner!

Build Orders: Hatch First 

Get SALT Encoding   

  12  0:01  Drone  
  13  0:12  Drone  
  14  0:18  Overlord  
  14  0:23  Extractor  
  14  0:24  Drone  
  15  0:37  Drone x2  
  17  0:57  Hatchery  
  17  0:58  Drone  
  17  1:02  Extractor  
  17  1:03  Drone  
  17  1:19  Spawning Pool  
  17  1:23  Drone  
  17  1:27  Drone  
  17  1:30  Drone  
  19  1:38  Drone  
  20  1:49  Drone  
  21  2:01  Drone  
  21  2:07  Lair  
  22  2:09  Queen  
  22  2:11  Drone x2  
  26  2:21  Overlord  
  26  2:30  Roach Warren  
  26  2:31  Zergling x2  
  26  2:32  Drone  
  26  2:35  Drone  
  28  2:41  Drone  
  28  2:42  Drone  
  30  2:48  Extractor  
  30  2:49  Extractor  
  30  2:51  Queen  
  28  2:56  Drone  
  28  2:57  Drone  
  32  3:06  Drone x2  
  32  3:10  Glial Reconstitution  
  34  3:14  Overlord  
  34  3:16  Drone  
  35  3:28  Roach  
  36  3:37  Roach x4, Spine Crawler  
  41  4:02  Roach x2, Zergling x2  
  41  4:15  Drone  
  41  4:16  Drone x2  
  44  4:19  Overlord x2  
  44  4:30  Overlord x2  
  44  4:38  Queen  
  44  4:44  Drone x2  
  48  4:54  Drone x2  
  50  5:00  Roach  
  54  5:07  Roach x2  
  54  5:13  Drone x4  
  60  5:29  Roach x2  
  60  5:35  Hatchery  
  63  5:39  Drone x4  
  63  5:41  Evolution Chamber x2  
  65  5:45  Drone  
  66  5:58  Queen  
  68  6:07  Zerg Ground Armor Level 1, Zerg Missile Weapons Level 1  
  68  6:11  Drone x3  
  68  6:12  Drone x5  
  76  6:22  Overlord x2  
  76  6:34  Pneumatized Carapace  
  76  6:35  Overlord x3  
  76  6:39  Queen  
  76  6:46  Roach x2  
  82  6:52  Extractor x2  
  82  6:53  Roach x5  
  90  6:59  Roach x2  
  94  7:02  Drone x2  
  94  7:03  Drone  
  94  7:05  Drone  
  98  7:22  Roach x3  
  106  7:23  Roach x5  
  114  7:36  Roach x4  
  122  7:38  Overlord  
  122  7:54  Infestation Pit  
  122  7:56  Roach  
  125  7:58  Roach x2  
  125  7:59  Roach  
  125  8:00  Overlord x6  
  125  8:04  Drone x2, Extractor  
  130  8:19  Ravager  
  131  8:21  Ravager x3  
  131  8:22  Ravager x5  
  131  8:24  Roach  
  131  8:25  Roach  
  143  8:31  Drone x3  
  103  9:12  Zerg Ground Armor Level 2, Zerg Missile Weapons Level 2  
  103  9:16  Hive  
  101  9:18  Queen x2  
  101  9:23  Roach x6  
  101  9:24  Roach x4  
  125  9:35  Roach x7  
  125  9:36  Roach  
  141  9:53  Queen  
  143  10:05  Hatchery  
  142  10:12  Hatchery, Burrow  
  141  10:14  Overlord x3  
  141  10:15  Overlord x4  
  141  10:40  Hydralisk Den  
  140  10:43  Roach x7  
  140  10:44  Roach x9  
  140  10:45  Hydralisk Den, Roach x2  
  142  11:21  Roach x7  
  142  11:22  Roach x8  
  172  11:28  Drone x2  
  172  11:29  Drone x3  
  177  11:50  Extractor  
  177  11:52  Extractor  
  177  11:53  Extractor  
  174  11:55  Extractor  
  142  12:20  Hydralisk x5  
  142  12:21  Hydralisk x9  
  166  12:26  Muscular Augments  
  166  12:29  Grooved Spines  
  166  12:53  Roach  
  166  12:54  Roach x8  
  166  12:56  Ravager x2  
  166  12:57  Ravager x2  
  166  12:58  Ravager  
  189  12:59  Ravager  
  189  13:01  Ravager  
  191  13:09  Zerg Missile Weapons Level 3  
  191  13:42  Zerg Ground Armor Level 3  
  163  14:04  Hydralisk x7  
  163  14:05  Hydralisk x5  
  187  14:10  Ravager x6  
  187  14:12  Ravager  
  137  15:36  Hydralisk x9  
  137  15:37  Hydralisk x2  
  137  15:38  Roach x4  
Show
View Real Time Build Order
Export as new Build Order

Psshhhiiiitt Zerg - Winner!

Build Orders: Pool First 

Get SALT Encoding   

  12  0:01  Drone  
  13  0:10  Drone  
  14  0:16  Drone, Extractor  
  14  0:30  Overlord  
  14  0:43  Spawning Pool  
  14  0:45  Drone  
  14  0:50  Drone  
  14  0:55  Drone  
  16  1:00  Drone  
  17  1:08  Drone  
  18  1:18  Drone  
  19  1:30  Queen  
  21  1:33  Drone  
  22  1:41  Evolution Chamber  
  22  1:43  Zergling x2  
  22  1:46  Metabolic Boost  
  22  1:52  Roach Warren  
  21  1:54  Zergling x2  
  22  2:04  Overlord  
  22  2:20  Overlord  
  22  2:34  Roach x2  
  26  2:37  Lair  
  26  2:50  Roach  
  28  2:54  Roach  
  30  3:09  Drone x3, Extractor  
  30  3:12  Roach  
  34  3:26  Overlord  
  33  3:44  Roach  
  34  3:58  Roach x2  
  38  4:18  Overlord x2  
  38  4:27  Glial Reconstitution  
  38  4:31  Hatchery  
  38  4:36  Zerg Missile Weapons Level 1, Queen  
  39  5:00  Roach x3  
  39  5:03  Drone x3  
  48  5:19  Roach  
  50  5:26  Evolution Chamber  
  49  5:33  Roach x2  
  53  5:37  Drone  
  53  5:41  Overlord  
  54  5:47  Drone  
  55  5:51  Drone  
  55  5:53  Drone  
  57  6:03  Zerg Ground Armor Level 1  
  57  6:08  Roach  
  59  6:11  Drone  
  59  6:16  Drone  
  59  6:17  Drone  
  62  6:20  Drone  
  62  6:22  Drone  
  64  6:30  Tunneling Claws  
  64  6:37  Burrow  
  64  6:39  Drone  
  65  7:00  Roach  
  67  7:03  Drone  
  67  7:06  Overlord x4  
  68  7:16  Extractor  
  68  7:17  Drone  
  68  7:18  Drone, Extractor  
  68  7:25  Roach x3  
  68  7:26  Roach  
  68  7:29  Zerg Missile Weapons Level 2  
  76  7:33  Roach  
  78  7:39  Roach x2  
  82  7:48  Roach  
  82  7:49  Roach x2  
  88  7:57  Drone  
  89  7:59  Drone  
  90  8:08  Drone  
  92  8:12  Drone  
  92  8:15  Drone  
  92  8:16  Drone  
  92  8:18  Drone x2  
  96  8:23  Roach x2  
  86  8:56  Hatchery  
  85  9:07  Ravager x3  
  85  9:08  Ravager x4  
  92  9:11  Roach x4  
  100  9:29  Overlord x6  
  100  9:30  Overlord x2  
  100  9:40  Zerg Ground Armor Level 2, Infestation Pit  
  99  9:50  Roach x2  
  103  9:53  Roach x2  
  107  10:03  Drone  
  107  10:04  Drone  
  109  10:11  Drone  
  109  10:13  Queen  
  112  10:16  Roach x2  
  112  10:19  Overlord  
  116  10:28  Hive  
  116  10:32  Roach x3  
  116  10:34  Roach  
  124  10:42  Roach x2  
  128  10:56  Roach x4  
  128  10:57  Roach x2  
  140  11:07  Roach x3  
  114  11:19  Roach  
  114  11:20  Roach x2  
  114  11:22  Roach x2  
  114  11:25  Roach  
  92  11:33  Roach x3  
  96  11:43  Roach x3  
  96  11:46  Roach  
  104  11:56  Roach x3  
  110  12:05  Roach x2  
  114  12:11  Roach  
  116  12:21  Roach x6  
  128  12:25  Drone x2  
  130  12:37  Extractor  
  130  12:38  Extractor  
  130  12:39  Drone x2  
  130  12:40  Drone  
  130  12:42  Drone x3  
  123  13:24  Hatchery  
  123  13:25  Roach x5  
  123  13:26  Roach x5  
  123  13:27  Roach x3  
  148  13:59  Queen  
  150  14:06  Zerg Ground Armor Level 3, Zerg Missile Weapons Level 3  
  150  14:08  Roach x2  
  150  14:09  Roach x6  
  166  14:10  Roach  
  168  14:28  Ravager  
  169  14:31  Ravager  
  169  14:37  Ravager  
  171  14:44  Roach x4  
  179  14:52  Roach x2  
  183  14:56  Overlord  
  183  14:57  Overlord x4  
  183  15:24  Overseer  
  183  15:25  Pneumatized Carapace  
  183  15:27  Roach x4  
  183  15:28  Roach x4  
  199  15:32  Ravager  
  198  16:17  Roach  
  200  16:31  Roach  
  200  16:40  Spire  
  200  16:42  Spire  
  198  16:49  Roach  
Show
View Real Time Build Order
Export as new Build Order

A.I. 2 (Elite) Terran 

Build Orders: MMM Bio 

Get SALT Encoding   

  12  0:01  SCV  
  13  0:13  SCV  
  14  0:20  Supply Depot  
  14  0:25  SCV  
  15  0:41  SCV  
  16  0:44  Barracks  
  16  0:45  Refinery  
  16  0:53  SCV  
  17  1:03  Barracks  
  17  1:05  SCV  
  18  1:18  SCV  
  19  1:31  Marine, Orbital Command  
  20  1:42  Barracks  
  20  1:49  Marine  
  20  1:50  Marine  
  22  1:59  Supply Depot  
  22  2:02  SCV  
  22  2:08  Barracks Tech Lab  
  23  2:09  Barracks Tech Lab  
  23  2:21  SCV  
  24  2:26  Marine  
  24  2:28  Marine x2, Stimpack  
  24  2:29  Concussive Shells  
  27  2:38  Supply Depot  
  27  2:43  Marine  
  28  2:45  Marine  
  28  2:46  Marine  
  28  2:48  SCV  
  31  3:02  Marauder  
  31  3:04  Marauder, Marine  
  36  3:11  Supply Depot  
  36  3:21  Combat Shields  
  36  3:22  Marine  
  36  3:23  Marine  
  36  3:25  SCV  
  39  3:31  Supply Depot  
  39  3:32  Marine  
  40  3:40  Marine  
  43  3:41  Marauder  
  43  3:51  Marauder  
  43  3:52  Refinery  
  45  4:09  Marauder  
  47  4:12  Marauder  
  47  4:15  SCV, Supply Depot  
  50  4:27  SCV  
  50  4:31  Marauder  
  53  4:40  Command Center  
  53  4:42  SCV  
  54  4:47  Marauder  
  56  4:57  Factory, SCV  
  56  5:03  Marauder  
  58  5:08  Supply Depot  
  58  5:15  Marauder  
  60  5:25  Marauder  
  62  5:30  Engineering Bay  
  62  5:47  Barracks Reactor, Engineering Bay  
  62  5:53  SCV x2  
  62  5:56  Terran Infantry Armor Level 1  
  64  6:05  SCV  
  64  6:06  SCV  
  66  6:13  Terran Infantry Weapons Level 1  
  66  6:17  SCV  
  66  6:18  SCV  
  68  6:28  Factory Tech Lab  
  68  6:29  SCV  
  68  6:30  Orbital Command  
  69  6:35  Missile Turret  
  69  6:39  Missile Turret  
  69  6:41  SCV  
  69  6:47  Siege Tank  
  73  6:49  Barracks  
  73  6:53  SCV  
  74  6:54  Starport  
  74  7:06  Command Center  
  74  7:10  SCV  
  74  7:11  SCV  
  76  7:17  Supply Depot  
  76  7:21  Siege Tank  
  76  7:22  SCV  
  80  7:24  SCV  
  81  7:32  Starport Reactor  
  81  7:34  SCV  
  81  7:36  SCV  
  83  7:43  Supply Depot  
  83  7:44  Marine  
  84  7:45  Marine  
  84  7:46  SCV  
  86  7:53  Siege Tank  
  89  8:01  Refinery  
  89  8:02  Marauder  
  91  8:07  Supply Depot  
  91  8:08  Medivac  
  91  8:09  Refinery  
  93  8:19  Marauder, SCV  
  96  8:20  SCV  
  96  8:21  SCV  
  96  8:25  Siege Tank  
  101  8:31  SCV  
  101  8:32  Marauder, SCV  
  105  8:34  SCV  
  104  8:42  Marauder  
  104  8:43  Refinery, SCV  
  104  8:44  SCV  
  104  8:45  Marine  
  104  8:47  Marine  
  99  8:49  Marine  
  99  8:52  SCV  
  99  8:53  Marine  
  74  8:57  SCV, Widow Mine  
  74  8:58  SCV  
  75  9:03  Marine x2  
  75  9:04  SCV  
  75  9:05  Marine  
  75  9:07  Marine  
  75  9:09  SCV  
  81  9:11  Marauder, SCV  
  81  9:16  SCV  
  85  9:20  Marine  
  85  9:21  SCV  
  85  9:22  Marine  
  85  9:23  SCV  
  89  9:26  Marine  
  89  9:28  Marine, SCV  
  91  9:33  Marauder, SCV  
  91  9:35  SCV  
  95  9:39  Marauder  
  95  9:40  Marine, SCV  
  95  9:44  Marine  
  95  9:45  SCV  
  101  9:47  SCV  
  101  9:50  Siege Tank  
  105  9:53  SCV  
  105  9:54  Marauder  
  105  9:56  Supply Depot  
  105  9:57  SCV  
  109  10:00  Marauder  
  111  10:10  Armory  
  111  10:14  Orbital Command  
  111  10:16  Marauder  
  111  10:20  Missile Turret  
  113  10:21  Marauder  
  113  10:23  Siege Tank  
  113  10:24  Missile Turret  
  113  10:27  Supply Depot  
  113  10:28  Marine, Medivac  
  120  10:29  Marine  
  122  10:37  Marauder  
  124  10:43  Marauder  
  124  10:45  Missile Turret  
  124  10:52  Supply Depot  
  124  10:55  Siege Tank  
  127  10:57  Terran Infantry Weapons Level 2  
  127  11:00  Marauder  
  121  11:04  Marauder  
  121  11:10  SCV  
  112  11:11  SCV  
  112  11:17  Marine  
  92  11:19  Marine  
  92  11:21  Marauder, Marine  
  92  11:22  SCV  
  92  11:23  SCV  
  92  11:25  Marine  
  81  11:27  Siege Tank  
  72  11:34  SCV  
  72  11:35  Marine  
  72  11:37  Marine, SCV  
  72  11:39  Marine  
  72  11:43  Marauder x2  
  72  11:46  SCV  
  73  11:53  Marine  
  67  11:57  Marine x2  
  67  11:58  Widow Mine  
  69  12:03  SCV, Medivac  
  69  12:04  Marauder  
  69  12:05  Marauder  
  76  12:08  SCV  
  76  12:11  Marine  
  76  12:14  Marine  
  76  12:15  SCV  
  80  12:16  Marine  
  80  12:21  SCV  
  82  12:23  Medivac  
  82  12:25  Marine  
  82  12:26  Marauder  
  82  12:29  Marine  
  88  12:32  Marine  
  88  12:33  Viking  
  91  12:40  Command Center  
  91  12:42  Factory  
  91  12:43  Marauder  
  93  12:44  Marine  
  93  12:48  Marauder  
  96  12:53  Marine  
  96  12:55  Marine  
  97  13:01  Missile Turret  
  97  13:02  Marine  
  97  13:04  Marauder  
  88  13:08  Marine  
  88  13:11  Marine  
  81  13:13  Marine  
  81  13:20  Marine  
  81  13:26  Marauder  
  86  13:27  Marauder  
  86  13:29  Marine  
  86  13:31  Marine  
  86  13:33  Missile Turret  
  88  13:37  Marine, Siege Tank  
  92  13:47  Marine x2  
  92  13:48  Marine  
  93  13:50  Marine  
  93  13:55  Marine  
  94  14:05  Marauder  
  94  14:06  Marauder  
  94  14:09  Siege Tank  
  101  14:26  Marauder  
  101  14:27  Marauder  
  105  14:41  Siege Tank  
  107  14:48  Marauder  
  107  14:49  Marauder  
  111  15:05  Supply Depot  
  111  15:09  Marauder  
  111  15:10  Marauder  
  97  15:14  Marine  
  97  15:15  Marine x2  
  70  15:31  Marauder  
  72  15:36  Marine  
  72  15:37  Marine x2  
  75  15:48  Marine  
  69  15:51  Marine  
  69  15:55  Marauder  
  64  16:10  Marine x3  
Show
View Real Time Build Order
Export as new Build Order

A.I. 3 (Elite) Zerg 

Build Orders: Pool First 

Get SALT Encoding   

  12  0:01  Drone  
  13  0:12  Overlord  
  13  0:17  Drone  
  14  0:30  Drone  
  15  0:40  Spawning Pool  
  15  0:42  Drone  
  15  0:47  Drone  
  16  0:52  Drone  
  16  0:55  Extractor  
  16  0:57  Drone  
  17  1:06  Drone  
  18  1:17  Drone  
  19  1:30  Queen, Roach Warren  
  19  1:32  Drone  
  21  1:38  Zergling x2  
  22  1:50  Overlord  
  22  1:59  Overlord  
  22  2:11  Roach  
  24  2:21  Roach  
  26  2:32  Roach  
  26  2:36  Roach  
  26  2:37  Roach x2  
  36  2:44  Roach  
  36  2:51  Hatchery  
  35  2:58  Overlord  
  35  3:05  Drone  
  36  3:09  Roach  
  38  3:16  Roach  
  38  3:19  Roach  
  41  3:21  Zergling x2  
  42  3:29  Roach  
  44  3:42  Overlord  
  44  3:43  Roach  
  46  3:52  Roach  
  46  4:00  Zergling x4  
  46  4:02  Zergling x2  
  49  4:05  Zergling x2  
  45  4:11  Zergling x2  
  40  4:22  Baneling Nest  
  40  4:23  Zergling x2  
  40  4:27  Zergling x2  
  40  4:31  Zergling x2  
  42  4:34  Zergling x2  
  43  4:43  Drone  
  44  4:50  Lair  
  44  5:07  Baneling  
  44  5:08  Baneling x2  
  44  5:11  Extractor  
  44  5:13  Drone  
  44  5:17  Extractor  
  44  5:18  Drone  
  44  5:23  Drone, Extractor  
  44  5:27  Drone  
  45  5:30  Drone  
  45  5:35  Drone  
  47  5:39  Drone  
  48  5:44  Drone  
  48  5:46  Drone  
  50  5:50  Drone, Hydralisk Den  
  50  5:54  Drone  
  50  5:57  Drone  
  52  6:04  Overlord  
  52  6:08  Drone  
  53  6:11  Drone  
  53  6:14  Drone  
  53  6:18  Drone  
  56  6:19  Hydralisk  
  56  6:23  Hydralisk  
  60  6:30  Hydralisk  
  62  6:36  Overlord  
  62  6:42  Hydralisk  
  62  6:44  Drone  
  65  6:47  Drone  
  65  6:50  Drone  
  65  6:53  Drone  
  68  6:55  Drone  
  68  7:01  Overlord  
  69  7:03  Drone  
  69  7:06  Drone  
  71  7:09  Drone  
  71  7:11  Drone  
  73  7:17  Drone  
  73  7:18  Drone  
  73  7:22  Overlord  
  75  7:24  Drone  
  75  7:26  Drone  
  75  7:28  Drone  
  75  7:29  Overseer  
  78  7:30  Drone  
  79  7:38  Drone  
  79  7:40  Drone  
  81  7:49  Drone  
  81  7:50  Overlord  
  82  7:54  Drone  
  82  7:55  Drone, Roach  
  86  7:59  Hydralisk  
  86  8:02  Hydralisk  
  86  8:05  Metabolic Boost  
  90  8:08  Hatchery  
  90  8:10  Overlord  
  89  8:13  Roach  
  91  8:21  Roach  
  91  8:24  Roach  
  91  8:26  Roach x2  
  99  8:28  Roach  
  99  8:30  Evolution Chamber  
  99  8:32  Overlord  
  100  8:36  Roach  
  96  8:42  Hydralisk  
  96  8:47  Zergling x2  
  89  8:53  Zergling x2  
  75  8:57  Hydralisk, Roach x2  
  75  8:58  Hydralisk, Zerg Melee Weapons Level 1  
  81  9:04  Roach  
  81  9:09  Roach  
  85  9:15  Roach  
  87  9:20  Drone, Roach  
  90  9:25  Drone  
  90  9:29  Drone, Ravager x2, Roach x2  
  90  9:30  Drone, Evolution Chamber  
  98  9:31  Roach  
  98  9:36  Drone  
  101  9:41  Drone  
  101  9:42  Drone  
  103  9:47  Drone  
  103  9:49  Glial Reconstitution  
  103  9:52  Drone x2  
  106  9:55  Zerg Missile Weapons Level 1  
  106  9:57  Overlord  
  106  9:59  Pneumatized Carapace  
  106  10:00  Hydralisk, Roach  
  106  10:01  Roach  
  106  10:02  Infestation Pit  
  106  10:03  Roach  
  106  10:04  Roach  
  115  10:08  Roach  
  115  10:14  Roach  
  119  10:15  Drone, Spine Crawler  
  119  10:18  Overlord, Spine Crawler  
  118  10:22  Queen  
  118  10:24  Drone  
  118  10:25  Drone  
  118  10:27  Queen  
  124  10:29  Hydralisk  
  124  10:32  Hydralisk  
  128  10:37  Hatchery, Overlord  
  128  10:38  Drone  
  128  10:39  Infestor  
  128  10:40  Infestor  
  132  10:45  Hydralisk  
  132  10:46  Burrow  
  132  10:47  Hydralisk  
  132  10:48  Hydralisk  
  138  10:51  Zergling x2  
  138  10:52  Zerg Ground Armor Level 1  
  138  10:56  Zergling x2  
  118  10:59  Roach  
  118  11:02  Roach  
  98  11:04  Roach x3  
  98  11:07  Roach  
  98  11:09  Ravager  
  97  11:11  Roach  
  97  11:13  Roach  
  97  11:17  Hydralisk, Lurker Den, Spore Crawler  
  100  11:21  Ravager, Spore Crawler  
  100  11:22  Roach  
  100  11:23  Drone  
  103  11:28  Hydralisk, Roach  
  103  11:29  Roach x2  
  103  11:32  Roach  
  113  11:34  Roach x3  
  113  11:36  Roach  
  113  11:38  Roach  
  123  11:40  Roach  
  123  11:43  Roach  
  123  11:45  Roach x2, Overlord  
  123  11:46  Roach  
  129  11:49  Hydralisk  
  129  11:50  Drone  
  129  11:51  Spine Crawler  
  129  11:52  Drone  
  131  11:56  Zergling x2  
  131  11:57  Drone  
  131  11:59  Zergling x2  
  116  12:01  Drone  
  116  12:03  Drone x2, Infestor  
  116  12:06  Drone  
  116  12:07  Drone, Hydralisk  
  98  12:10  Drone  
  98  12:11  Drone  
  98  12:12  Drone  
  98  12:13  Hydralisk  
  91  12:15  Drone  
  91  12:16  Drone  
  91  12:19  Drone, Roach  
  91  12:20  Roach  
  94  12:23  Hydralisk  
  98  12:30  Roach x2  
  98  12:31  Roach  
  98  12:32  Roach  
  98  12:37  Extractor  
  103  12:38  Extractor  
  103  12:40  Extractor  
  103  12:41  Drone  
  103  12:42  Extractor  
  103  12:43  Infestor  
  103  12:44  Roach x3  
  107  12:45  Roach  
  107  12:48  Roach  
  107  12:50  Roach  
  115  12:52  Roach  
  115  12:54  Roach  
  115  12:57  Roach  
  121  13:00  Drone x2, Roach  
  121  13:01  Drone  
  121  13:03  Drone  
  121  13:05  Drone x2, Roach x2  
  133  13:08  Ravager  
  133  13:09  Drone, Roach  
  133  13:10  Drone  
  133  13:12  Drone, Ravager  
  139  13:13  Roach, Overlord  
  139  13:14  Spine Crawler  
  139  13:15  Hydralisk  
  139  13:17  Hydralisk  
  144  13:20  Hydralisk  
  144  13:24  Hydralisk  
  150  13:28  Queen  
  150  13:32  Infestor, Overlord  
  154  13:34  Hydralisk  
  154  13:40  Hydralisk  
  153  13:41  Drone  
  153  13:42  Drone x3, Roach  
  153  13:43  Drone, Hydralisk, Roach  
  153  13:45  Hydralisk, Roach  
  153  13:46  Hydralisk, Roach  
  153  13:47  Roach  
  153  13:48  Drone x2  
  150  13:50  Drone  
  150  13:53  Zergling x4  
  150  13:55  Roach  
  141  13:59  Roach  
  141  14:02  Roach  
  101  14:05  Roach  
  101  14:08  Roach x2, Overseer  
  101  14:09  Roach  
  99  14:11  Roach  
  99  14:12  Infestor  
  99  14:15  Roach  
  99  14:16  Roach  
  99  14:17  Roach x2  
  108  14:20  Zergling x2  
  108  14:21  Zergling x2  
  108  14:23  Roach  
  100  14:24  Roach  
  100  14:25  Hydralisk x2  
  100  14:28  Drone  
  100  14:30  Hydralisk  
  94  14:33  Hydralisk  
  87  14:39  Drone x3, Roach  
  87  14:40  Drone x2, Roach x2, Queen  
  87  14:41  Drone  
  87  14:44  Zergling x2  
  83  14:48  Drone, Hatchery  
  83  14:49  Drone  
  57  15:09  Drone x2, Spawning Pool  
  49  15:22  Drone  
  49  15:26  Hydralisk Den  
  43  15:33  Spawning Pool  
  42  15:55  Hydralisk  
  44  16:01  Hydralisk  
  40  16:04  Drone  
  35  16:22  Zergling x2  
  36  16:30  Queen  
  38  16:34  Hatchery  
  33  16:40  Zergling x2  
  33  16:42  Roach Warren  
  33  16:57  Hatchery  
  31  17:02  Spawning Pool  
Tags
 
Add a new tag
Caveats
  • Supply blocks, unpowered buildings, or Contaminate may cause inaccurate times.
  • Supply counts are checked every 10 seconds.